 Dungeon Crawl Stone Soup version 0.28.0-53-g5a82cb258f (webtiles) character file.

Game seed: 664602370123390273

1899 CryoSword the Spear-Bearer (level 9, -4/80 HPs)
             Began as a Ghoul Fighter on May 31, 2022.
             Was a Follower of Ru.
             Slain by a gnoll
             ... wielding a +0 flail
              (6 damage)
             ... on level 5 of the Dungeon.
             The game lasted 00:09:57 (7415 turns).

CryoSword the Spear-Bearer (Ghoul Fighter)          Turns: 7415, Time: 00:09:57

Health: -4/80      AC:  7    Str: 20    XL:     9   Next: 15%
Magic:  8/8        EV:  9    Int:  5    God:    Ru [*.....]
Gold:   321        SH:  4    Dex: 10    Spells: 8/8 levels left

rFire   . . .      SeeInvis .   a - +0 trident
rCold   + . .      Faith    .   c - +0 buckler
rNeg    + + +      Spirit   .   b - +0 scale mail
rPois   ∞          Reflect  .   g - +0 helmet
rElec   .          Harm     .   (no cloak)
rCorr   +          Rampage  .   (no gloves)
Will    .....                   (no boots)
Stlth   ..........              (no amulet)
HPRegen 0.00/turn               n - ring of resist corrosion
MPRegen 0.11/turn               p - ring of flight

@: unable to drink, flying, inhibited regen
A: claws 1, cold resistance 1, negative energy resistance 3, inhibited
regeneration, torment resistance 2, inability to drink while threatened
a: Renounce Religion


You were on level 5 of the Dungeon.
You worshipped Ru.
Ru was aware of your devotion.
You visited 1 branch of the dungeon, and saw 6 of its levels.

You collected 321 gold pieces.

Inventory:

Hand Weapons
 a - a +0 trident (weapon)
Missiles
 t - 11 poisoned darts (quivered)
Armour
 b - a +0 scale mail (worn)
 c - a +0 buckler (worn)
 g - a +0 helmet (worn)
   (You took it off Robin on level 2 of the Dungeon)
Jewellery
 n - a ring of resist corrosion (left claw)
   (You found it on level 3 of the Dungeon)
 p - a ring of flight (right claw)
   (You found it on level 6 of the Dungeon)
Wands
 d - a wand of flame (23)
   (You found it on level 4 of the Dungeon)
 k - a wand of charming (9)
   (You found it on level 6 of the Dungeon)
Scrolls
 f - 2 scrolls of teleportation {@r4}
 j - a scroll of enchant weapon {unknown}
 l - a scroll of summoning {unknown}
 o - a scroll of fog {unknown}
 r - a scroll of enchant armour {unknown}
Potions
 e - a potion of curing {unknown}
 h - a potion of invisibility {unknown}
 i - a potion of heal wounds {@q2}
 m - 2 potions of cancellation
 q - 4 potions of attraction {!q}
 s - a potion of ambrosia {unknown}


   Skills:
 + Level 7.6 Fighting
 * Level 8.4 Polearms
 - Level 2.6 Armour
 + Level 4.3 Shields


You had 8 spell levels left.
You didn't know any spells.
Your spell library contained the following spells:

 Spells                   Type           Power      Damage    Failure   Level
 Magic Dart               Conj           0%         1d3       89%         1
 Sandblast                Erth           0%         2d4       89%         1
 Passwall                 Tmut/Erth      0%         N/A       96%         2
 Searing Ray              Conj           0%         2d4       96%         2
 Ozocubu's Armour         Ice            0%         N/A       99%         3
 Stone Arrow              Conj/Erth      0%         3d7       99%         3
 Fulminant Prism          Conj/Hex       0%         3d6       100%        4
 Petrify                  Tmut/Erth      0%         N/A       100%        4
 Irradiate                Conj/Tmut      0%         3d13      100%        5
 Ozocubu's Refrigeration  Ice            0%         4d5       100%        7
 Sublimation of Blood     Necr           Unusable   N/A       N/A         2

Dungeon Overview and Level Annotations

Branches:
Dungeon (6/15)             Temple (0/1) D:4

Altars:
Elyvilon
Fedhas
Hepliaklqana
Makhleb
Okawaru
Ru
Wu Jian
Xom
The Shining One

Shops:
D:4 *(   D:6 :


Innate Abilities, Weirdness & Mutations

You thrive by killing the living.
You are immune to poison.
You have sharp fingernails.
Your flesh is cold resistant. (rC+)
You are immune to negative energy. (rN+++)
You do not regenerate when monsters are visible.
You are immune to unholy pain and torment.
You sometimes lose the ability to drink potions when taking damage.


Message History

You reach down and open the door.
A hornet comes into view.
The hornet moves out of view.
A hornet is nearby!
A hornet is nearby!
You hit the hornet. The hornet stings you! The hornet barely misses you.
You barely miss the hornet. The hornet stings you.
You feel threatened and lose the ability to drink potions!
Reach: a) +0 trident
Aim: a hornet (lightly wounded, about 50% to evade your +0 trident)
You hit the hornet. The hornet stings you.
Reach: a) +0 trident
Aim: a hornet (moderately wounded, about 50% to evade your +0 trident)
You hit the hornet but do no damage. The hornet stings you.
The hornet stings you but does no damage.
Reach: a) +0 trident
Aim: a hornet (moderately wounded, about 50% to evade your +0 trident)
You barely miss the hornet.
The hornet stings you but does no damage.
Reach: a) +0 trident
Aim: a hornet (moderately wounded, about 50% to evade your +0 trident)
You puncture the hornet! You block the hornet's attack. The hornet stings you.
Okay, then.
You cannot drink potions in your current state!
Unknown command.
Reach: a) +0 trident
Aim: a hornet (heavily wounded, about 50% to evade your +0 trident)
You hit the hornet. The hornet stings you!
* * * LOW HITPOINT WARNING * * *
Reach: a) +0 trident
Aim: a hornet (severely wounded, about 50% to evade your +0 trident)
You hit the hornet. The hornet closely misses you.
Reach: a) +0 trident
Aim: a hornet (severely wounded, about 50% to evade your +0 trident)
You closely miss the hornet. The hornet stings you!
* * * LOW HITPOINT WARNING * * *
The hornet stings you but does no damage.
Reach: a) +0 trident
Aim: a hornet (severely wounded, about 50% to evade your +0 trident)
You hit the hornet.
The hornet stings you but does no damage.
Reach: a) +0 trident
Aim: a hornet (almost dead, about 50% to evade your +0 trident)
You barely miss the hornet. The hornet stings you!
* * * LOW HITPOINT WARNING * * *
The hornet stings you!
* * * LOW HITPOINT WARNING * * *
Reach: a) +0 trident
Aim: a hornet (severely wounded, about 50% to evade your +0 trident)
You puncture the hornet!
You kill the hornet!
You reach down and close the door, pushing everything out of the way.
You start resting.
You can drink potions again.
There is an open door here.
Items here: ( ))))))) †††††.
You reach down and close the door, pushing everything out of the way.
You see here a +0 short sword.
You start resting.
You see here a +0 short sword.
Things that are here:
a +0 dagger; a kobold skeleton; a kobold skeleton You reach down and open the door.
There is an open door here.
Things that are here:
a +0 club; a +0 dagger; 4 stones
Items here: ( )) ÷÷.
Things that are here:
a +0 club; a +0 dagger; 4 stones
Items here: )) ÷÷.
Could not explore, unopened door.
Could not explore, unopened door.
You reach down and open the door.
There is an open door here.
You now have 321 gold pieces (gained 15).
There is an open door here.
Could not explore, unopened door.
Could not explore, unopened door.
You reach down and open the door.
There is an open door here.
Could not explore, unopened door.
You reach down and open the door.
There is an open door here.
There is an open door here.
A gnoll shaman is nearby!
A gnoll shaman is nearby!
A gnoll shaman is nearby!
The gnoll shaman shouts!
You hear a shout!
The gnoll shaman begins to pray, but is stunned by your conviction!
The gnoll shaman calls upon its god to speed up something.
The gnoll shouts!
You puncture the gnoll shaman!
The gnoll shaman calls upon its god to speed up the gnoll.
The gnoll shouts!
The gnoll seems to speed up.
You closely miss the gnoll shaman.
The gnoll shaman hits you with a +0 whip.
You barely miss the gnoll shaman.
The gnoll hits you from afar with a +0 halberd.
You barely miss the gnoll shaman.
The gnoll shaman hits you with a +0 whip.
The gnoll hits you from afar with a +0 halberd.
You barely miss the gnoll shaman. The gnoll shaman completely misses you.
The gnoll hits you but does no damage.
You puncture the gnoll shaman!
You kill the gnoll shaman!
You feel better. You block the gnoll's attack. The gnoll misses you.
You hit the gnoll but do no damage. The gnoll hits you with a +0 flail.
The gnoll hits you from afar with a +0 halberd!
The gnoll hits you with a +0 flail. You block the gnoll's attack.
The gnoll hits you with a +0 flail!
You feel threatened and lose the ability to drink potions!
The gnoll barely misses you. You block the gnoll's attack.
The gnoll hits you from afar with a +0 halberd!
The gnoll hits you with a +0 flail.
* * * LOW HITPOINT WARNING * * *
The gnoll hits you from afar with a +0 halberd.
* * * LOW HITPOINT WARNING * * *
The gnoll is stunned by your conviction and fails to attack.
The gnoll closely misses you. The gnoll barely misses you.
The gnoll hits you from afar with a +0 halberd!
* * * LOW HITPOINT WARNING * * *
You can drink potions again.
The gnoll barely misses you. The gnoll closely misses you.
The gnoll closely misses you. The gnoll hits you but does no damage.
The gnoll barely misses you.
The gnoll hits you from afar with a +0 halberd!
You feel threatened and lose the ability to drink potions!
* * * LOW HITPOINT WARNING * * *
The gnoll hits you with a +0 flail.
* * * LOW HITPOINT WARNING * * *
You cannot drink potions in your current state!
The gnoll hits you with a +0 flail!
* * * LOW HITPOINT WARNING * * *
The gnoll barely misses you.
There is a stone staircase leading up here.
The gnoll hits you but does no damage. The gnoll misses you.
You block the gnoll's attack.
You fly upwards.
There is a stone staircase leading down here.
You block the gnoll's attack. The gnoll barely misses you.
You can drink potions again.
The gnoll closely misses you. The gnoll hits you with a +0 flail.
You feel threatened and lose the ability to drink potions!
You die...

###### #....#
#....###########################
#.........)[...@............)...
#.......))####g############..###
####......####.# #..# #
#............#.# ##.###
#....###...#.#.#############...'
#....# ###.#.#>..............###
####.#####)#.##############..# #
#......)#.##### #..###
#.............# ##....


You could see a gnoll (fast).

Vanquished Creatures
  A hornet (D:6)
  2 water moccasins (D:4)
  2 necrophages
  A centaur (D:6)
  A phantom (D:5)
  A kobold brigand (D:6)
  A wyvern skeleton (D:6)
  2 scorpions (D:5)
  A jelly (D:4)
  A water moccasin skeleton (D:6)
  A wight (D:6)
  A howler monkey (D:3)
  2 bullfrog zombies
  A centaur zombie (D:6)
  2 hounds
  2 gnoll shamans
  2 orc priests (D:4)
  A bullfrog skeleton (D:5)
  Ijyb (D:4)
  Jessica (D:3)
  A centaur skeleton (D:5)
  An iguana (D:6)
  An orc wizard (D:4)
  A killer bee zombie (D:3)
  A hound skeleton (D:5)
  Robin (D:2)
  7 gnolls
  8 adders
  A shadow imp (D:6)
  An ufetubus (D:6)
  4 worms
  4 dart slugs
  8 orcs
  4 endoplasms
  2 giant cockroaches (D:1)
  8 goblins
  9 hobgoblins
  7 jackals
  5 quokkas
  9 ball pythons
  7 bats
  3 frilled lizards
  9 kobolds
  8 rats
137 creatures vanquished.

Notes
Turn   | Place    | Note
-------+----------+-------------------------------------------
     0 | D:1      | CryoSword the Ghoul Fighter began the quest for the Orb.
     0 | D:1      | Reached XP level 1. HP: 19/19 MP: 0/0
    47 | D:1      | Reached skill level 2 in Polearms
   267 | D:1      | Found a faded altar of an unknown god.
   271 | D:1      | Reached XP level 2. HP: 26/26 MP: 1/1
   480 | D:1      | Reached XP level 3. HP: 17/33 MP: 2/2
   682 | D:1      | Reached skill level 3 in Polearms
  1085 | D:2      | Reached XP level 4. HP: 23/40 MP: 3/3
  1909 | D:3      | Reached skill level 4 in Polearms
  1909 | D:3      | Reached XP level 5. HP: 41/47 MP: 4/4
  2192 | D:3      | Found a sacrificial altar of Ru.
  2224 | D:3      | Became a worshipper of Ru the Awakened
  2523 | D:3      | Noticed Robin
  2559 | D:2      | Killed Robin
  2715 | D:3      | Noticed Jessica
  2727 | D:3      | Killed Jessica
  2728 | D:3      | Reached XP level 6. HP: 55/55 MP: 5/5
  3082 | D:4      | Reached skill level 5 in Fighting
  3327 | D:4      | Noticed a necrophage
  3344 | D:4      | Killed a necrophage
  3345 | D:4      | Reached skill level 5 in Polearms
  3429 | D:4      | Found an ornate altar of the Wu Jian Council.
  3431 | D:4      | Found a burning altar of Makhleb.
  3432 | D:4      | Found a hazy altar of Hepliaklqana.
  3434 | D:4      | Found a shimmering altar of Xom.
  3438 | D:4      | Found an iron altar of Okawaru.
  3477 | D:4      | Noticed Ijyb
  3478 | D:4      | Paralysed by Ijyb for 5 turns
  3485 | D:4      | Paralysed by Ijyb for 6 turns
  3494 | D:4      | Paralysed by Ijyb for 7 turns
  3507 | D:4      | Killed Ijyb
  3702 | D:4      | Found a staircase to the Ecumenical Temple.
  3717 | D:4      | Found Cicsuan's Weapon Shoppe.
  3830 | D:4      | Found Eluriv's Serpentskin Sales.
  3830 | D:4      | Noticed a water moccasin
  3830 | D:4      | Noticed a water moccasin
  3846 | D:4      | Killed a water moccasin
  3847 | D:4      | Reached XP level 7. HP: 27/62 MP: 6/6
  3855 | D:4      | Reached skill level 6 in Polearms
  4519 | D:5      | Entered Level 5 of the Dungeon
  4540 | D:5      | Gained mutation: You sometimes lose the ability to drink
                  | potions when taking damage. [Ru sacrifice]
  4540 | D:5      | Reached * piety under Ru
  4908 | D:5      | Reached XP level 8. HP: 39/71 MP: 7/7
  5282 | D:5      | Found a blossoming altar of Fedhas.
  5335 | D:5      | Reached skill level 7 in Polearms
  5925 | D:6      | Found Memem's Book Shop.
  6669 | D:6      | Reached skill level 8 in Polearms
  6892 | D:6      | Reached XP level 9. HP: 73/79 MP: 8/8
  6941 | D:6      | Noticed a hornet
  6954 | D:6      | Killed a hornet
  7406 | D:6      | HP: 2/80 [gnoll/+0 flail (10)]
  7415 | D:5      | Slain by a gnoll

Illustrated notes

Levels and vault maps discovered:
D:1:      dpeg_arrival_tiny_d, layout_rooms, ebering_ecumenical_altar_abandoned,
          amcnicky_mini_pool_small
D:2:      layout_rooms, serial_corexii_hall, corexii_hall_statues_x,
          corexii_hall_statues_deadend, chequers_hall_statues_y,
          chequers_hall_statues_corner_a, chequers_hall_statues_y,
          corexii_hall_statues_x
D:3:      layout_basic, mainiacjoe_overflow_cross_hatched, chequers_garden,
          minivault_26, interstate_on_off, uniq_robin, uniq_jessica
D:4:      layout_basic, nicolae_overflow_hallway_of_the_gods, temple_fountains,
          serial_shops, nicolae_shop_bloodbath_and_beyond,
          corexii_item_surrounded_by_moat, guppyfry_shop_venom, uniq_ijyb
D:5:      layout_basic, lemuel_doored_altar, roderic_serpentine_path,
          minmay_misc_feat_secret_circle
D:6:      layout_gridville, serial_shops, nicolae_stop_n_shop_2,
          nicolae_concentric_dashed_squares_wild, st_stairs_14, uniq_duvessa

Skill      XL: |  1  2  3  4  5  6  7  8 |
---------------+-------------------------+-----
Polearms       | 2 3 4 5 6 8 |  8.4
Fighting       | 4 5 6 7 |  7.6
Shields        | 4 |  4.3
Armour         | |  2.6

Action                   |  1- 3 |  4- 6 |  7- 9 || total
-------------------------+-------+-------+-------++-------
Melee: Trident           |   119 |   197 |   278 ||   594
Invok: Sacrifice Drink   |       |       |     1 ||     1
  Use: Scroll            |       |     4 |     4 ||     8
       Potion            |       |     1 |     1 ||     2
Armor: Scale mail        |    45 |    73 |   104 ||   222
Dodge: Dodged            |    59 |    71 |   109 ||   239
Block: Buckler           |    18 |    22 |    46 ||    86
